 Dungeon Crawl Stone Soup version 0.30.1-9-gdf580d7c3d (webtiles) character file.

Game seed: 10734001445435165847

1411 mk2023 the Spear-Bearer (level 8, -2/58 HPs)
             Began as a Merfolk Gladiator on Oct 20, 2023.
             Was a Priest of Elyvilon.
             Succumbed to a water moccasin's poison
             ... on level 6 of the Dungeon.
             The game lasted 00:19:31 (5857 turns).

mk2023 the Spear-Bearer (Merfolk Gladiator)         Turns: 5857, Time: 00:19:32

Health: -2/58      AC:  9    Str: 15    XL:     8   Next: 70%
Magic:  11/11      EV: 13    Int:  7    God:    Elyvilon [***...]
Gold:   182        SH:  0    Dex: 17    Spells: 9/11 levels left

rFire   . . .        b - +0 halberd
rCold   . . .        (shield currently unavailable)
rNeg    . . .        l - +0 ring mail
rPois   .            c - +1 helmet
rElec   .            (no cloak)
rCorr   .            r - +0 pair of gloves
SInv    .            q - +0 pair of boots
Will    +....        j - amulet of faith
Stlth   +            B - ring of willpower
HPRegen 0.29/turn    (no ring)
MPRegen 0.12/turn

%: faith
@: lethally poisoned (-2 -> -31)
A: (nimble swimmer 2), mertail
a: Renounce Religion, Purification, Heal Other, Heal Self


You were on level 6 of the Dungeon.
You worshipped Elyvilon.
Elyvilon was most pleased with you.
You visited 2 branches of the dungeon, and saw 7 of its levels.

You collected 182 gold pieces.

Inventory:

Hand Weapons
 a - a +0 trident
 b - a +0 halberd (weapon)
Missiles
 d - 4 throwing nets
 e - a javelin
 i - 8 poisoned darts (quivered)
 y - 3 silver boomerangs
 F - 6 silver javelins
Armour
 c - a +1 helmet (worn)
 l - a +0 ring mail (worn)
 q - a +0 pair of boots (worn)
 r - a +0 pair of gloves (worn)
 E - a +0 scale mail
Jewellery
 j - an amulet of faith (around neck)
 B - a ring of willpower (left hand)
Scrolls
 f - a scroll of fog
 g - a scroll of silence
 o - 2 scrolls of enchant armour
 p - 6 scrolls of teleportation
 t - a scroll of fear
 v - a scroll of noise {unknown}
 w - a scroll of magic mapping {unknown}
 A - a scroll of amnesia {unknown}
 D - a scroll of poison {unknown}
Potions
 h - a potion of curing
 k - a potion of ambrosia
 m - a potion of mutation
 n - a potion of cancellation
 s - a potion of degeneration
 u - a potion of resistance
 x - a potion of might
 z - a potion of lignification
 C - a potion of magic


   Skills:
 - Level 3.0 Fighting
 + Level 11.4 Polearms
 - Level 2.0 Throwing
 - Level 2.0 Armour
 - Level 6.0 Dodging
 - Level 2.0 Spellcasting
 - Level 4.0 Transmutations


You had 9 spell levels left.
You knew the following spells:

 Your Spells              Type           Power      Damage    Failure   Level
a - Wereblood             Tmut           6%         N/A       22%         2

Your spell library contained the following spells:

 Spells                   Type           Power      Damage    Failure   Level
 Spider Form              Tmut/Pois      3%         N/A       67%         3
 Ensorcelled Hibernation  Hex/Ice        0%         N/A       73%         2
 Sublimation of Blood     Necr           0%         N/A       73%         2
 Dazzling Flash           Conj/Hex       0%         N/A       91%         3
 Ozocubu's Armour         Ice            0%         N/A       91%         3
 Tukima's Dance           Hex            0%         N/A       91%         3
 Anguish                  Hex/Necr       0%         N/A       100%        4
 Passage of Golubria      Tloc           0%         N/A       100%        4
 Agony                    Necr           0%         N/A       100%        5
 Metabolic Englaciation   Hex/Ice        0%         N/A       100%        5
 Silence                  Hex/Air        0%         N/A       100%        5
 Yara's Violent Unravell  Hex/Tmut       1%         3d3       100%        5
 Simulacrum               Ice/Necr       0%         N/A       100%        6
 Summon Hydra             Summ           0%         N/A       100%        7


Dungeon Overview and Level Annotations

Branches:
Dungeon (6/15)             Temple (1/1) D:5

Altars:
Ashenzari
Elyvilon
Okawaru
Ru
Sif Muna
Uskayaw
Xom
Yredelemnul

Annotations:
D:2 Ijyb
D:3 Edmund
D:4 3 runed translucent doors, Fildev's ghost, amateur MiBe; raetorn's ghost, amateur OgAE


Innate Abilities, Weirdness & Mutations

((You are very nimble when in or above water. (Stealth+, EV+, Speed+++)))
Your lower body shifts to a powerful aquatic tail in water.


Message History

You puncture the water moccasin!
The water moccasin is moderately wounded.
You feel very sick. The water moccasin closely misses you.
You puncture the water moccasin!
The water moccasin is heavily wounded.
You feel very sick. The water moccasin misses you.
You hit the water moccasin but do no damage.
The water moccasin is heavily wounded.
You feel very sick.
The water moccasin bites you but does no damage.
The water moccasin barely misses you.
You completely miss the water moccasin.
The water moccasin is heavily wounded.
You feel very sick. The water moccasin closely misses you.
You closely miss the water moccasin.
The water moccasin is heavily wounded.
You feel very sick. The water moccasin bites you.
* * * LOW HITPOINT WARNING * * *
You are lethally poisoned!
The water moccasin poisons you!
You miss the water moccasin.
The water moccasin is heavily wounded.
* * * LOW HITPOINT WARNING * * *
You feel very sick. The water moccasin bites you.
* * * LOW HITPOINT WARNING * * *
You are more poisoned.
The water moccasin poisons you! The water moccasin misses you.
Unknown command.
You miss the water moccasin.
The water moccasin is heavily wounded.
Elyvilon protects you from harm!
The water moccasin bites you but does no damage.
You hit the water moccasin but do no damage.
The water moccasin is heavily wounded.
You die...

##.................._.......#
....P.#..........._..._.....#
....P8......................#
...........(........8.......#
......h##...................#
..##P8sP#........._..._.....#
####...P#......Zh..._.......#
.......8....####S##.........#
...............#@##..)......#
#####..####......##.........#
#.## #.#####..........## #.#
#.# #.##.#####.# #. #.#
#.##.# .# #. #.# #.##.# #.
#.# #.##.# #.# #.##.# #.
#.##.#


You could see a water moccasin, a hound and a killer bee zombie.

Vanquished Creatures
  A black bear (D:3)
  2 phantoms (D:6)
  A gnoll sergeant (D:5)
  A wyvern zombie (D:6)
  3 scorpions (D:5)
  A water moccasin zombie (D:6)
  A howler monkey (D:5)
  A centaur zombie (D:6)
  2 bullfrog zombies (D:6)
  A gnoll bouda (D:5)
  2 hounds
  A centaur skeleton (D:6)
  An orc priest (D:5)
  A jelly (D:5)
  A bullfrog skeleton (D:6)
  A sleepcap (D:5)
  An iguana (D:6)
  An orc wizard (D:5)
  2 howler monkey zombies (D:6)
  11 adders
  15 gnolls
  5 ufetubi
  2 worms (D:2)
  4 dart slugs
  8 orcs
  8 ball pythons
  4 bats
  9 endoplasms
  2 giant cockroaches
  9 goblins
  5 hobgoblins
  4 jackals (D:2)
  A kobold (D:3)
  5 quokkas
  4 frilled lizards
  4 rats
125 creatures vanquished.

Vanquished Creatures (others)
  A goblin (D:2)
1 creature vanquished.

Grand Total: 126 creatures vanquished

Notes
Turn   | Place    | Note
-------+----------+-------------------------------------------
     0 | D:1      | mk2023 the Merfolk Gladiator began the quest for the Orb.
     0 | D:1      | Reached XP level 1. HP: 16/16 MP: 1/1
   264 | D:1      | Reached XP level 2. HP: 22/22 MP: 2/2
   480 | D:1      | Reached skill level 5 in Polearms
   820 | D:1      | Reached XP level 3. HP: 26/27 MP: 3/3
   904 | D:2      | Learned a level 2 spell: Wereblood
   947 | D:2      | Reached skill level 6 in Polearms
   971 | D:2      | Reached XP level 4. HP: 33/33 MP: 4/4
  1344 | D:2      | Found a white marble altar of Elyvilon.
  1350 | D:2      | Became a worshipper of Elyvilon the Healer
  1500 | D:2      | Noticed Ijyb
  2022 | D:3      | Reached XP level 5. HP: 29/38 MP: 5/5
  2069 | D:3      | Reached skill level 7 in Polearms
  2208 | D:3      | Noticed a black bear
  2219 | D:3      | Killed a black bear
  2220 | D:3      | Reached skill level 1 in Armour
  2220 | D:3      | Reached skill level 1 in Transmutations
  2342 | D:3      | Reached XP level 6. HP: 46/46 MP: 7/7
  2383 | D:3      | Reached * piety under Elyvilon
  2802 | D:4      | Noticed Edmund
  2812 | D:3      | Reached skill level 1 in Spellcasting
  3317 | D:4      | Reached ** piety under Elyvilon
  3317 | D:4      | Found a hide-covered altar of Uskayaw.
  3450 | D:4      | Found a runed translucent gate.
  3450 | D:4      | Found a runed translucent gate.
  3451 | D:4      | Found a runed translucent gate.
  3452 | D:4      | Noticed Fildev's ghost (amateur MiBe)
  3453 | D:4      | Noticed raetorn's ghost (amateur OgAE)
  3594 | D:5      | Entered Level 5 of the Dungeon
  3614 | D:5      | Reached skill level 5 in Dodging
  3691 | D:5      | Found the +5 woodcutter's axe
  3863 | D:5      | Found a staircase to the Ecumenical Temple.
  3901 | D:5      | Reached XP level 7. HP: 52/52 MP: 8/8
  4037 | D:5      | HP: 2/52 [orc priest/divine providence (9)]
  4056 | Temple   | Entered the Ecumenical Temple
  4057 | Temple   | HP: 2/52 [orc/+0 hand axe (4)]
  4400 | D:5      | Reached skill level 8 in Polearms
  4526 | D:5      | Reached *** piety under Elyvilon
  5185 | D:6      | Found a broken altar of Ashenzari.
  5185 | D:6      | Found a shimmering altar of Xom.
  5185 | D:6      | Found a shimmering blue altar of Sif Muna.
  5185 | D:6      | Found an iron altar of Okawaru.
  5185 | D:6      | Found a basalt altar of Yredelemnul.
  5185 | D:6      | Found a sacrificial altar of Ru.
  5268 | D:6      | Reached XP level 8. HP: 39/58 MP: 9/11
  5366 | D:6      | Reached skill level 9 in Polearms
  5393 | D:6      | Reached skill level 10 in Polearms
  5677 | D:5      | Reached skill level 11 in Polearms
  5856 | D:6      | Elyvilon protects you from harm!
  5857 | D:6      | Succumbed to a water moccasin's poison

Illustrated notes

Levels and vault maps discovered:
D:1:      saegor_arrival_simple_e, layout_basic
D:2:      kennysheep_the_goblin_king, layout_loops_ring, basic_altar,
          st_stairs_11, minmay_between
D:3:      layout_loops_ring, minmay_three_crescents
D:4:      layout_rooms, eat_drink_and_be_merry_uskayaw,
          gammafunk_ghost_cemetery, uniq_edmund
D:5:      layout_gridville, minmay_temple_entry_arrows,
          pf_guarded_unrand_woodcutter
D:6:      layout_basic, grunt_temple_overflow_open, nemelex_altar_shiori,
          ebering_ghost_xom, serial_shops, shop, serial_undead, serial_undead_c,
          serial_undead_f, serial_undead_c, serial_undead_a, serial_undead_e,
          serial_undead_e, serial_undead_f, serial_bayou_pond_b
Temple:   eino_temple_water

Skill      XL: |  1  2  3  4  5  6  7  8 |
---------------+-------------------------+-----
Polearms       | 5 6 7 8 11 | 11.4
Armour         | 1 2 |  2.0
Transmutations | 1 2 4 |  4.0
Spellcasting   | 1 2 |  2.0
Fighting       | 3 |  3.0
Dodging        | 5 6 |  6.0
Throwing       | |  2.0

Action                     |  1- 3 |  4- 6 |  7- 9 || total
---------------------------+-------+-------+-------++-------
  Melee: Trident           |    59 |   257 |    92 ||   408
         Punch             |     1 |     2 |       ||     3
         Halberd           |       |       |   147 ||   147
  Throw: Dart              |       |     4 |    12 ||    16
   Cast: Wereblood         |       |     1 |       ||     1
    Use: Scroll            |       |    10 |     5 ||    15
         Potion            |       |       |     1 ||     1
 Armour: Leather armour    |     1 |       |       ||     1
         Ring mail         |    15 |    74 |   119 ||   208
  Dodge: Dodged            |    22 |   140 |   213 ||   375
